Map: Nightshade LE

Players

Temple - Winner!

  • Race: Protoss Protoss
  • League: Silver
  • Spawn Location: 11:00

A.I. 1 (Very Hard)

  • Race: Terran Terran
  • Spawn Location: 5:00

VOD

Have the link to the VOD?

Description

Time

  • Played on: March 27, 2020, 8:49 a.m.
  • Length: 12:15
Show
View Real Time Build Order
Export as new Build Order

Temple Protoss - Winner!

Build Orders: Double Forge 

Get SALT Encoding   

  12  0:00  Probe  
  13  0:12  Probe  
  14  0:18  Pylon  
  14  0:25  Probe  
  15  0:37  Probe (Chrono Boost)  
  15  0:38  Gateway  
  16  0:48  Probe (Chrono Boost)  
  17  0:54  Probe (Chrono Boost)  
  18  0:58  Assimilator  
  18  1:02  Assimilator  
  18  1:04  Probe  
  19  1:25  Cybernetics Core  
  19  1:28  Pylon  
  19  1:33  Probe  
  20  1:45  Probe  
  21  1:47  Zealot  
  23  1:57  Probe  
  23  1:58  Warp Gate (Chrono Boost)  
  24  2:09  Probe  
  25  2:17  Stalker  
  25  2:20  Nexus  
  25  2:21  Probe  
  28  2:29  Pylon  
  28  2:41  Gateway  
  28  2:43  Probe  
  29  2:56  Stalker  
  31  3:08  Forge  
  31  3:13  Forge  
  31  3:25  Probe  
  32  3:36  Probe (Chrono Boost)  
  32  3:41  Probe (Chrono Boost)  
  34  3:45  Protoss Ground Weapons Level 1, Protoss Ground Armor Level 1  
  34  3:46  Stalker  
  34  3:47  Zealot  
  39  3:48  Probe (Chrono Boost)  
  39  3:57  Robotics Facility  
  39  3:58  Probe  
  40  4:03  Probe  
  41  4:10  Probe  
  41  4:11  Pylon  
  41  4:13  Stalker  
  41  4:14  Sentry  
  46  4:27  Probe  
  46  4:30  Probe  
  48  4:35  Gateway  
  48  4:37  Gateway  
  48  4:40  Gateway  
  48  4:42  Probe  
  48  4:43  Probe  
  48  4:45  Sentry  
  52  4:46  Sentry  
  52  4:50  Observer  
  55  4:58  Probe x2  
  57  5:03  Assimilator  
  57  5:05  Assimilator  
  57  5:11  Zealot x2  
  61  5:16  Pylon  
  61  5:18  Pylon  
  61  5:25  Robotics Bay  
  61  5:36  Stalker x2  
  61  5:37  Zealot  
  61  5:38  Sentry  
  61  5:39  Pylon  
  69  5:45  Probe  
  69  5:47  Probe  
  71  5:53  Pylon  
  71  5:57  Probe  
  71  5:59  Probe  
  73  6:07  Colossus (Chrono Boost)  
  73  6:08  Zealot  
  73  6:09  Zealot x2, Probe  
  81  6:11  Probe  
  81  6:14  Extended Thermal Lance (Chrono Boost)  
  87  6:21  Probe  
  88  6:32  Zealot, Twilight Council  
  88  6:33  Zealot  
  88  6:35  Stalker  
  94  6:57  Pylon  
  94  7:08  Charge  
  94  7:15  Immortal  
  98  7:18  Protoss Ground Weapons Level 2  
  98  7:21  Probe x2  
  100  7:32  Protoss Ground Armor Level 2  
  100  7:34  Nexus  
  100  7:36  Zealot  
  100  7:37  Gravitic Boosters (Chrono Boost)  
  102  7:40  Pylon  
  102  7:44  Pylon  
  102  7:47  Pylon  
  102  7:58  Probe x2  
  104  8:00  Colossus (Chrono Boost)  
  104  8:03  Protoss Air Weapons Level 1  
  110  8:10  Probe x2  
  112  8:17  Zealot x3  
  112  8:18  Zealot x2  
  122  8:22  Probe  
  123  8:29  Gateway x2  
  123  8:32  Gateway  
  123  8:34  Gateway  
  123  8:42  Probe x2  
  123  8:47  Pylon  
  125  8:50  Pylon  
  125  8:51  Blink  
  125  8:54  Probe  
  126  8:56  Colossus  
  126  9:00  Sentry x2  
  136  9:04  Zealot  
  110  9:33  Stalker x4  
  110  9:34  Zealot x2, Stalker  
  110  9:35  Zealot  
  126  9:47  Stalker  
  124  10:02  Warp Prism  
  125  10:38  Observer  
  125  10:39  Stalker  
  125  10:40  Zealot, Stalker  
  125  10:41  Zealot, Sentry  
  125  10:42  Zealot, Sentry  
  140  10:54  Probe  
  140  10:55  Probe x2  
  143  11:06  Probe  
Show
View Real Time Build Order
Export as new Build Order

A.I. 1 (Very Hard) Terran 

Build Orders: 2 Factory 

Get SALT Encoding   

  12  0:00  SCV  
  13  0:13  SCV  
  14  0:17  Supply Depot  
  14  0:25  SCV  
  15  0:39  SCV  
  16  0:43  Barracks  
  16  0:51  SCV  
  17  1:03  SCV  
  18  1:15  SCV  
  18  1:17  Supply Depot  
  19  1:21  Refinery  
  19  1:27  SCV  
  19  1:30  Marine  
  21  1:39  SCV  
  22  1:48  Marine  
  22  1:51  Refinery  
  22  1:52  SCV  
  24  2:04  SCV  
  24  2:06  Marine  
  26  2:16  SCV  
  26  2:21  Factory  
  27  2:24  Marine  
  27  2:28  SCV  
  29  2:39  Factory  
  29  2:40  SCV  
  29  2:41  Supply Depot  
  29  2:42  Marine  
  31  2:52  Orbital Command  
  31  3:02  Marine  
  32  3:06  Factory Tech Lab  
  32  3:17  SCV  
  33  3:20  Command Center, Marine  
  33  3:22  Factory Tech Lab  
  34  3:29  SCV  
  35  3:41  SCV  
  36  3:53  SCV  
  37  3:56  Barracks  
  37  4:05  Supply Depot  
  37  4:06  SCV  
  38  4:18  SCV  
  39  4:26  Siege Tank  
  39  4:27  Siege Tank  
  39  4:28  Supply Depot  
  39  4:30  SCV  
  46  4:32  SCV, Marine  
  48  4:41  Supply Depot  
  48  4:42  SCV  
  48  4:44  SCV  
  50  4:52  Barracks  
  50  4:54  SCV  
  50  4:56  SCV  
  50  4:58  Siege Tank  
  50  4:59  Siege Tank  
  58  5:04  Barracks Tech Lab  
  58  5:06  SCV  
  59  5:08  SCV, Marine  
  61  5:18  SCV  
  61  5:21  Orbital Command  
  62  5:25  Marauder  
  62  5:26  Marine  
  65  5:33  Stimpack  
  65  5:35  Starport  
  65  5:39  Marine  
  65  5:40  Command Center  
  66  5:44  Barracks Tech Lab  
  66  5:47  Marauder  
  68  5:58  Supply Depot, Barracks Reactor  
  68  6:01  Engineering Bay  
  68  6:03  Marauder  
  69  6:08  Marine  
  70  6:13  Starport Reactor  
  70  6:24  Marauder  
  72  6:25  Marine  
  72  6:27  Supply Depot  
  72  6:29  Terran Infantry Weapons Level 1  
  73  6:34  Marine  
  73  6:36  Combat Shield  
  74  6:41  Engineering Bay  
  74  6:44  Marauder  
  74  6:45  Marauder  
  78  6:50  Supply Depot  
  78  6:52  SCV  
  79  6:55  SCV  
  79  6:59  SCV  
  81  7:02  Refinery  
  81  7:04  SCV  
  81  7:05  Marauder  
  81  7:07  Marauder  
  86  7:12  Concussive Shells  
  86  7:15  Refinery  
  86  7:20  Orbital Command  
  86  7:24  Missile Turret  
  86  7:25  SCV, Terran Infantry Armor Level 1  
  86  7:27  Marauder  
  86  7:28  Marauder  
  91  7:36  Missile Turret  
  91  7:39  SCV, Barracks  
  91  7:41  SCV  
  93  7:44  Medivac  
  93  7:48  Marauder  
  93  7:50  Marauder  
  99  7:56  Supply Depot  
  99  8:09  Marauder, Marine, Medivac  
  99  8:10  Siege Tank  
  99  8:11  Marauder, Marine  
  110  8:21  Supply Depot  
  110  8:23  Command Center  
  110  8:32  Marauder x2  
  114  8:37  Siege Tank  
  117  8:45  Armory  
  117  9:02  Widow Mine  
  119  9:03  Armory  
  119  9:07  Missile Turret  
  119  9:09  Widow Mine  
  121  9:10  Supply Depot  
  121  9:13  Marauder  
  121  9:14  Marine  
  121  9:16  Marine  
  107  9:18  Marine  
  107  9:20  Marine  
  65  9:32  Marine  
  65  9:33  Terran Vehicle And Ship Armor Level 1  
  65  9:34  Marine x2  
  65  9:37  SCV, Marauder  
  65  9:38  Marine  
  72  9:42  SCV  
  72  9:43  SCV  
  74  9:47  SCV  
  74  9:49  SCV  
  74  9:50  Terran Vehicle Weapons Level 1, Marine  
  74  9:52  Marauder  
  76  9:54  SCV  
  76  9:55  SCV  
  76  9:57  Marine  
  62  10:00  Marine  
  62  10:01  SCV, Marine  
  62  10:04  SCV  
  62  10:06  SCV  
  66  10:08  SCV, Marine  
  66  10:13  SCV  
  66  10:14  Marauder  
  67  10:15  Marine  
  67  10:18  Marine  
  47  10:22  Marine  
  47  10:25  Marine  
  43  10:34  Marauder  
  42  10:47  Marine  
  42  10:49  Marine  
  42  10:52  Command Center  
  42  10:53  SCV  
  42  10:56  SCV  
  46  11:05  SCV  
  46  11:09  Marine  
  45  11:11  SCV  
  12  12:00  SCV  
Tags
 
Add a new tag
Caveats
  • Supply blocks, unpowered buildings, or Contaminate may cause inaccurate times.
  • Supply counts are checked every 10 seconds.